 Dungeon Crawl Stone Soup version 0.29.1-12-g30fa7ad0bf (webtiles) character file.

Game seed: 12021810098089227397

836 xzight the Magician (level 7, 0/40 HPs)
             Began as a Deep Elf Fire Elementalist on Dec 24, 2022.
             Slain by Pikel
             ... wielding a +2 whip of freezing
              (2 damage)
             ... on level 5 of the Dungeon.
             The game lasted 00:20:16 (6553 turns).

xzight the Magician (Deep Elf Fire Elementalist)    Turns: 6553, Time: 00:20:16

Health: 0/40       AC:  5    Str:  5    XL:     7   Next: 66%
Magic:  17/17      EV: 14    Int: 22    God:
Gold:   290        SH:  0    Dex: 19    Spells: 14/17 levels left

rFire   . . .      SeeInvis .   b - +8 trident "Seisalye" {flame, rPois Will+ Dex+4}
rCold   . . .      Faith    .   (no shield)
rNeg    . . .      Spirit   .   d - +0 leather armour
rPois   +          Reflect  .   m - +0 helmet
rElec   .          Harm     .   (no cloak)
rCorr   .          Rampage  .   j - +0 pair of gloves
Will    +....                   (no boots)
Stlth   ++........              (no amulet)
HPRegen 0.13/turn               (no ring)
MPRegen 0.15/turn               (no ring)

@: no status effects
A: no striking features
a: no special abilities


You were on level 5 of the Dungeon.
You visited 1 branch of the dungeon, and saw 6 of its levels.

You collected 290 gold pieces.


   Skills:
 + Level 2.9 Fighting
 + Level 5.1 Dodging
 - Level 2.4 Stealth
 + Level 5.9 Spellcasting
 + Level 4.2 Conjurations
 + Level 5.3 Fire Magic


You had 14 spell levels left.
You knew the following spells:

 Your Spells              Type           Power      Damage    Failure   Level
a - Foxfire               Conj/Fire      100%       2x1d9     2%          1
b - Scorch                Fire           58%        2d8       2%          2

Your spell library contained the following spells:

 Spells                   Type           Power      Damage    Failure   Level
 Conjure Flame            Conj/Fire      27%        6-21      6%          3
 Beastly Appendage        Tmut           12%        N/A       16%         1
 Inner Flame              Hex/Fire       18%        N/A       16%         3
 Dazzling Flash           Conj/Hex       30%        N/A       19%         3
 Stone Arrow              Conj/Erth      30%        3d8       19%         3
 Ignite Poison            Fire/Tmut/Pois 14%        N/A       22%         3
 Flame Wave               Conj/Fire      27%        2d9       22%         4
 Sublimation of Blood     Necr           6%         N/A       24%         2
 Wereblood                Tmut           6%         N/A       24%         2
 Mephitic Cloud           Conj/Pois/Air  12%        N/A       26%         3
 Spider Form              Tmut/Pois      6%         N/A       43%         3
 Airstrike                Air            3%         2d(1-17)  83%         4
 Animate Armour           Summ/Erth      12%        N/A       83%         4
 Summon Lightning Spire   Summ/Air       6%         N/A       83%         4
 Lightning Bolt           Conj/Air       7%         1d20      87%         5
 Freezing Cloud           Conj/Ice/Air   6%         6-21      94%         5
 Agony                    Necr           6%         N/A       99%         5
 Silence                  Hex/Air        3%         N/A       99%         5
 Summon Hydra             Summ           3%         N/A       100%        7
 Lehudib's Crystal Spear  Conj/Erth      7%         10d3      100%        8

Inventory:

Hand Weapons
 b - the +8 trident "Seisalye" (weapon) {flame, rPois Will+ Dex+4}
   (You found it on level 6 of the Dungeon)

   It burns those it strikes, dealing additional fire damage.
   Dex:       It affects your dexterity (+4).
   rPois:     It protects you from poison.
   Will:      It increases your willpower.
 n - a +5 dagger of draining
Armour
 d - a +0 leather armour (worn)
 j - a +0 pair of gloves (worn)
 m - a +0 helmet (worn)
Wands
 r - a wand of charming (8)
 t - a wand of polymorph (11)
Scrolls
 c - a scroll of blinking
 e - 5 scrolls of teleportation {@r2}
 f - a scroll of enchant weapon
 i - a scroll of vulnerability {unknown}
 k - a scroll of fear
 l - a scroll of silence {!r}
 o - 2 scrolls of poison {unknown}
 p - a scroll of magic mapping {unknown}
Potions
 h - a potion of mutation

Dungeon Overview and Level Annotations

Branches:
Dungeon (6/15)
 Temple: D:4-7

Altars:
Makhleb
Vehumet
Yredelemnul

Shops:
D:1 (   D:5 :

Annotations:
D:3 1 runed translucent door, Lutefisk's ghost, weakling GnCA
D:5 Pikel
D:6 Menkaure

#.........#####.#
#.###.#.#.#.....#
#.#.............#
#.#.#...#.#....##
#.#.....#.#....#
#.#5.##.#.######
#.#55...#.#
#.#K#####.#
#.#@#.....#
#.#.#.#####
#...#.# #####.#
#.....# #.#####
#.# #.#
#.#########


You could see Pikel and 3 lemures.


Message History

Your transformation is almost over.
The lemure hits you but does no damage. The lemure hits you but does no damage.
The lemure hits you but does no damage. The lemure hits you but does no damage.
You hit the lemure. You burn the lemure.
The lemure is almost dead.
The lemure hits you but does no damage. Pikel hits you but does no damage.
Pikel hits you but does no damage.
You feel less attractive to monsters.
You barely miss Pikel.
Pikel hits you with a +2 whip of freezing.
* * * LOW HITPOINT WARNING * * *
Pikel freezes you.
* * * LOW HITPOINT WARNING * * *
You puncture Pikel! You burn Pikel.
Pikel is lightly wounded.
Pikel hits you but does no damage.
You hit Pikel.
Pikel is moderately wounded.
You feel less wooden.
Your +0 helmet unmelds from your body.
Your +0 pair of gloves unmelds from your body.
Your +0 leather armour unmelds from your body.
Pikel hits you with a +2 whip of freezing.
* * * LOW HITPOINT WARNING * * *
Pikel freezes you.
* * * LOW HITPOINT WARNING * * *
Pikel hits you with a +2 whip of freezing.
You die...

Skill      XL: |  1  2  3  4  5  6  7 |
---------------+----------------------+-----
Dodging        | 3 4 5 |  5.1
Fighting       | 1 2 |  2.9
Conjurations   | 2 3 4 |  4.2
Spellcasting   | 4 5 |  5.9
Fire Magic     | 4 5 |  5.3
Stealth        | |  2.4

Action                   |  1- 3 |  4- 6 |  7- 9 || total
-------------------------+-------+-------+-------++-------
Melee: Unarmed           |     1 |       |       ||     1
       Dagger            |       |     2 |       ||     2
       Trident           |       |       |    14 ||    14
       Punch             |       |       |     1 ||     1
 Cast: Foxfire           |    89 |   114 |    31 ||   234
       Scorch            |     6 |    38 |    29 ||    73
  Use: Scroll            |       |     8 |     3 ||    11
       Potion            |       |     1 |     7 ||     8
Armor: Leather armour    |     2 |     5 |     7 ||    14
       Skin              |       |       |    21 ||    21
Dodge: Dodged            |     6 |    12 |    29 ||    47

Levels and vault maps discovered:
D:1:      dpeg_arrival_simpleton_b, layout_basic, serial_shops,
          nicolae_shop_bloodbath_and_beyond
D:2:      layout_basic, basic_altar, grunt_decor_clamped,
          kennysheep_generic_room_11
D:3:      layout_rooms, makhleb_altar_promises_db,
          ebering_ghost_reflecting_pool, minmay_tree_intersection,
          grunt_decor_resistance, grunt_ministairs_10,
          minmay_goblin_kobold_house
D:4:      layout_basic, mainiacjoe_overflow_cross_hatched
D:5:      layout_basic, portal_sewer_entry_e, serial_shops,
          nicolae_shop_hallway_stairs, uniq_pikel
D:6:      layout_rooms, serial_bayou_pond_b, kennysheep_small_spiral,
          st_stairs_4, uniq_menkaure

Notes
Turn   | Place    | Note
-------+----------+-------------------------------------------
     0 | D:1      | xzight the Deep Elf Fire Elementalist began the quest for
                  | the Orb.
     0 | D:1      | Reached XP level 1. HP: 10/10 MP: 6/6
   452 | D:1      | Reached XP level 2. HP: 16/16 MP: 2/8
   944 | D:1      | Found Guskeoz's Weapon Emporium.
   954 | D:1      | Learned a level 2 spell: Scorch
  1474 | D:2      | Reached skill level 3 in Dodging
  1474 | D:2      | Reached XP level 3. HP: 20/20 MP: 0/9
  1740 | D:2      | Found a basalt altar of Yredelemnul.
  1749 | D:2      | Reached skill level 1 in Fighting
  1924 | D:2      | Reached skill level 2 in Conjurations
  2110 | D:2      | Reached XP level 4. HP: 24/25 MP: 1/11
  3025 | D:3      | Found a runed translucent door.
  3026 | D:3      | Noticed Lutefisk's ghost (weakling GnCA)
  3036 | D:3      | Reached skill level 4 in Spellcasting
  3036 | D:3      | Reached skill level 4 in Fire Magic
  3075 | D:3      | Reached XP level 5. HP: 29/29 MP: 3/13
  3551 | D:3      | Found a burning altar of Makhleb.
  3551 | D:3      | Noticed a green death
  4114 | D:4      | Reached skill level 4 in Dodging
  4114 | D:4      | Reached skill level 3 in Conjurations
  4114 | D:4      | Reached XP level 6. HP: 35/35 MP: 2/14
  4279 | D:4      | Found a radiant altar of Vehumet.
  4288 | D:4      | You fall into a shaft and drop 2 floors!
  4347 | D:6      | Reached skill level 2 in Fighting
  4646 | D:6      | Reached skill level 5 in Spellcasting
  4758 | D:6      | Noticed Menkaure
  4857 | D:6      | Identified the +8 trident "Seisalye" {flame, rPois Will+
                  | Dex+4}
  4871 | D:6      | Reached XP level 7. HP: 40/40 MP: 10/17
  4898 | D:6      | Identified the +8 scale mail of Anaesthesia {Fly Str+6}
  4914 | D:6      | HP: 4/40 [orc warrior/bolt (18)]
  4926 | D:5      | Entered Level 5 of the Dungeon
  5235 | D:4      | Reached skill level 5 in Fire Magic
  5309 | D:4      | Reached skill level 4 in Conjurations
  6171 | D:5      | Found Riw Fin's Book Emporium.
  6263 | D:5      | Reached skill level 5 in Dodging
  6450 | D:5      | Noticed Pikel
  6518 | D:5      | HP: 3/40 [lemure[Pikel] (2)]
  6553 | D:5      | HP: 4/40 [Pikel/+2 whip of freezing (6)]
  6553 | D:5      | Slain by Pikel

Vanquished Creatures
  An ogre (D:4)
  A lemure (D:5)
  2 scorpions
  A bullfrog (D:6)
  A wight (D:6)
  2 hounds (D:6)
  A gnoll bouda (D:5)
  2 jellies
  2 iguanas (D:6)
  3 orc wizards (D:3)
  6 gnolls
  5 adders
  A shadow imp (D:6)
  A white imp (D:6)
  2 worms (D:2)
  3 dart slugs
  15 orcs
  5 ball pythons
  10 endoplasms
  3 giant cockroaches
  9 goblins
  6 hobgoblins
  6 jackals
  3 quokkas
  10 bats
  6 kobolds
  9 rats
116 creatures vanquished.

Vanquished Creatures (others)
  377 foxfires
377 creatures vanquished.

Grand Total: 493 creatures vanquished

Table legend: (Time is in decaauts)
 A = Elapsed time spent in this place.
 B = Non-inter-level travel time spent in this place.
 C = Inter-level travel time spent in this place.
 D = Time resting spent in this place.
 E = Time spent auto-exploring this place.
 F = Levels seen in this place.
 G = Mean time per level.
                   A        B        C        D        E       F      G
               +--------+--------+--------+--------+--------+-----+--------+
         Total |   6554 |   6456 |     98 |   1379 |   3956 |   6 | 1092.3 |
       Dungeon |   6554 |   6456 |     98 |   1379 |   3956 |   6 | 1092.3 |
               +--------+--------+--------+--------+--------+-----+--------+

Top non-repeatable levels by time:
     D:4: 1599 daAuts
     D:1: 1328 daAuts
     D:2: 1197 daAuts
     D:3: 1172 daAuts
     D:6: 637 daAuts
     D:5: 620 daAuts

Table legend:
 A = Non-vault XP
 B = Vault XP
 C = Vault XP percentage of total XP
 D = Non-vault monster count
 E = Vault monster count
 F = Vault count percentage of total count
                 A         B        C        D         E       F
            +---------+---------+-------+---------+---------+-------
      Total |    1110 |      85 |   7.1 |     108 |       7 |   6.1
            +---------+---------+-------+---------+---------+-------
        D:1 |      31 |       0 |   0.0 |      18 |       0 |   0.0
        D:2 |      85 |       3 |   3.4 |      26 |       2 |   7.1
        D:3 |     134 |       8 |   5.6 |      19 |       4 |  17.4
        D:4 |     316 |       0 |   0.0 |      25 |       0 |   0.0
        D:5 |     183 |       0 |   0.0 |       7 |       0 |   0.0
        D:6 |     361 |      74 |  17.0 |      13 |       1 |   7.1
            +---------+---------+-------+---------+---------+-------
